Map: Blackpink LE

Players

Minatoeh (Minato) - Winner!

  • Race: Zerg Zerg
  • League: Master
  • Spawn Location: 7:00

Rail

  • Race: Protoss Protoss
  • Spawn Location: 1:00

Event: WESG Barcelona European Finals 2017

VOD

Have the link to the VOD?

Description

Time

  • Played on: Nov. 25, 2017, 7:41 a.m.
  • Length: 10:02

All games in this series

Show
View Real Time Build Order
Export as new Build Order

Minatoeh Zerg - Winner!

Build Orders: Hatch First, Lurkers 

Get SALT Encoding   

  12  0:01  Drone  
  13  0:12  Overlord  
  13  0:17  Drone  
  14  0:30  Drone x2  
  14  0:34  Drone  
  17  0:52  Hatchery  
  17  0:54  Drone  
  17  0:57  Drone  
  18  1:08  Extractor  
  17  1:12  Spawning Pool  
  17  1:15  Drone  
  17  1:18  Drone  
  18  1:28  Drone  
  19  1:39  Overlord  
  19  1:56  Drone  
  19  1:58  Queen  
  19  2:01  Zergling x2  
  23  2:04  Queen, Drone  
  26  2:10  Metabolic Boost  
  26  2:12  Drone  
  26  2:15  Drone  
  28  2:21  Drone  
  29  2:26  Drone  
  30  2:33  Drone  
  31  2:38  Hatchery  
  31  2:43  Drone  
  31  2:45  Queen  
  31  2:50  Overlord  
  33  2:52  Drone  
  33  2:56  Drone  
  35  3:03  Drone  
  36  3:09  Drone x2  
  36  3:11  Drone x4  
  42  3:14  Drone x2  
  44  3:23  Overlord  
  44  3:24  Roach Warren  
  43  3:29  Overlord  
  43  3:35  Lair  
  43  3:41  Extractor  
  42  3:44  Drone x3  
  42  3:46  Zergling x6  
  42  3:47  Zergling x2  
  49  3:50  Drone  
  49  3:51  Drone  
  49  3:54  Overlord  
  51  4:04  Roach x3  
  51  4:05  Zergling x2  
  51  4:06  Overlord  
  58  4:10  Roach  
  58  4:13  Roach  
  62  4:17  Zergling x8  
  62  4:21  Roach  
  68  4:27  Drone x4  
  72  4:35  Drone x3, Glial Reconstitution  
  75  4:44  Drone x2  
  76  4:48  Roach x2  
  76  4:49  Overlord x2  
  80  4:53  Overlord  
  80  4:57  Extractor  
  81  5:07  Roach  
  81  5:09  Roach x4  
  81  5:13  Zergling x2, Roach  
  92  5:14  Zergling x2, Hatchery  
  92  5:17  Roach  
  94  5:22  Zergling x2  
  94  5:23  Zergling x2, Roach  
  98  5:28  Roach x2  
  98  5:29  Zergling x4  
  98  5:34  Drone x2, Overlord  
  106  5:43  Hydralisk Den  
  105  5:53  Zergling x10  
  105  5:54  Zergling x4, Ravager  
  105  5:56  Zergling x2  
  109  6:05  Zergling x8  
  109  6:13  Zergling x8  
  109  6:14  Zergling x6  
  109  6:18  Drone  
  105  6:21  Drone  
  105  6:23  Lurker Den  
  103  6:28  Queen  
  103  6:29  Drone x3, Extractor x2  
  106  6:36  Drone  
  106  6:37  Drone x9  
  116  6:43  Overlord x3  
  116  6:44  Extractor  
  115  6:48  Overlord x2  
  115  6:58  Overlord  
  115  6:59  Overlord  
  115  7:02  Overseer x2  
  115  7:04  Hydralisk x3  
  115  7:05  Hydralisk  
  122  7:09  Hydralisk  
  122  7:11  Hydralisk  
  126  7:22  Drone x2  
  128  7:23  Drone  
  128  7:24  Hydralisk x2  
  128  7:25  Hydralisk  
  135  7:34  Hydralisk x2  
  135  7:35  Zergling x4  
  135  7:36  Drone x3  
  145  7:37  Drone  
  145  7:39  Overseer  
  145  7:53  Lurker x5  
  145  7:54  Zergling x4  
  145  7:55  Zergling x14  
  159  8:00  Lurker  
  159  8:01  Lurker  
  159  8:03  Zergling x12  
  167  8:07  Lurker  
  168  8:18  Hydralisk x3, Zergling x8  
  168  8:19  Zergling x2  
  176  8:26  Hydralisk x2  
  172  8:27  Zergling x4  
  172  8:33  Hydralisk x2, Zergling x4  
  166  8:41  Hydralisk x2  
  166  8:42  Zergling x4  
  166  8:47  Zergling x2  
  170  8:54  Hydralisk x2  
  170  8:55  Zergling x2  
  173  8:59  Hydralisk x2  
  171  9:13  Hydralisk x3  
  171  9:14  Zergling x6  
  162  9:18  Hydralisk  
  162  9:20  Overseer  
  162  9:21  Queen  
  162  9:23  Hydralisk x2  
  162  9:24  Hydralisk, Roach x2  
  161  9:41  Roach x3  
Show
View Real Time Build Order
Export as new Build Order

Rail Protoss 

Build Orders: 1 Gate Expand 

Get SALT Encoding   

  12  0:00  Probe (Chrono Boost)  
  13  0:12  Probe (Chrono Boost)  
  14  0:14  Probe  
  15  0:23  Pylon  
  15  0:41  Probe, Gateway  
  16  0:46  Assimilator  
  16  0:53  Probe  
  17  1:05  Probe (Chrono Boost)  
  18  1:17  Probe (Chrono Boost)  
  19  1:24  Nexus  
  19  1:30  Cybernetics Core  
  19  1:33  Probe  
  20  1:40  Assimilator  
  20  1:45  Probe  
  21  1:48  Pylon  
  21  1:58  Probe (Chrono Boost)  
  22  2:06  Warp Gate (Chrono Boost), Adept  
  24  2:10  Probe (Chrono Boost)  
  26  2:18  Probe (Chrono Boost)  
  26  2:24  Probe  
  26  2:27  Twilight Council  
  27  2:33  Adept  
  27  2:36  Probe  
  30  2:41  Probe  
  31  2:48  Probe  
  32  2:54  Gateway  
  32  2:55  Gateway  
  32  3:04  Resonating Glaives (Chrono Boost)  
  32  3:05  Adept  
  32  3:08  Probe (Chrono Boost)  
  32  3:11  Probe (Chrono Boost)  
  38  3:20  Probe (Chrono Boost)  
  38  3:21  Pylon  
  38  3:22  Probe (Chrono Boost)  
  38  3:23  Probe  
  38  3:25  Probe  
  40  3:33  Adept  
  42  3:37  Probe  
  42  3:39  Probe  
  44  3:49  Probe  
  45  3:57  Nexus  
  45  3:59  Adept  
  45  4:01  Adept  
  49  4:07  Pylon  
  49  4:08  Adept  
  51  4:15  Probe  
  51  4:16  Robotics Facility  
  52  4:19  Probe  
  53  4:25  Assimilator  
  53  4:28  Probe  
  53  4:29  Adept  
  53  4:30  Sentry x2  
  60  4:36  Pylon  
  60  4:41  Probe  
  61  4:49  Gateway, Pylon  
  61  4:50  Gateway  
  61  4:55  Sentry x2  
  61  4:59  Pylon  
  65  5:00  Probe  
  65  5:06  Immortal (Chrono Boost)  
  70  5:13  Probe x3  
  73  5:14  Shield Battery  
  73  5:25  Probe x3  
  76  5:32  Assimilator  
  76  5:33  Immortal (Chrono Boost)  
  76  5:35  Shield Battery  
  80  5:37  Probe x2  
  80  5:40  Probe  
  83  5:43  Robotics Bay  
  83  5:48  Stalker  
  83  5:49  Probe  
  87  5:50  Probe, Adept  
  87  5:52  Probe  
  87  5:54  Zealot  
  92  6:01  Probe  
  92  6:03  Probe  
  94  6:04  Warp Prism (Chrono Boost)  
  94  6:05  Probe  
  97  6:12  Zealot x2  
  97  6:14  Probe, Zealot  
  97  6:17  Zealot  
  92  6:19  Probe x2  
  92  6:23  Stalker  
  96  6:26  Probe, Pylon  
  96  6:28  Pylon  
  97  6:33  Sentry x2  
  97  6:36  Pylon  
  97  6:37  Assimilator  
  101  6:42  Pylon  
  101  6:43  Shield Battery  
  101  6:44  Colossus (Chrono Boost)  
  107  6:50  Probe x3, Assimilator  
  107  6:53  Zealot  
  112  6:59  Pylon  
  112  7:10  Extended Thermal Lance  
  112  7:11  Probe x3  
  112  7:14  Gateway  
  112  7:15  Gateway  
  113  7:17  Forge  
  113  7:20  Colossus (Chrono Boost)  
  113  7:21  Pylon  
  119  7:23  Probe  
  120  7:30  Gateway, Pylon  
  120  7:35  Stalker  
  122  7:41  Pylon  
  122  7:42  Pylon  
  122  7:44  Stalker x2  
  126  7:52  Stalker x2  
  126  7:54  Protoss Ground Weapons Level 1 (Chrono Boost)  
  126  7:56  Photon Cannon  
  130  8:02  Stalker  
  132  8:10  Stalker x3, Zealot  
  140  8:15  Zealot  
  140  8:16  Zealot  
  144  8:26  Zealot  
  146  8:37  Observer (Chrono Boost)  
  131  8:44  Robotics Facility, Zealot x4  
  131  8:45  Zealot x2  
  144  8:48  Observer  
  144  8:54  Zealot  
  144  9:08  Zealot x3  
  144  9:09  Zealot  
  141  9:10  Observer (Chrono Boost)  
  141  9:13  Zealot  
  117  9:19  Stalker  
  117  9:20  Stalker  
  121  9:32  Zealot  
  121  9:33  Immortal (Chrono Boost), Zealot x3  
  121  9:38  Pylon  
  126  9:40  Zealot  
  126  9:45  Zealot x2  
  107  9:56  Zealot x4  
Tags
 
Add a new tag
Caveats
  • Supply blocks, unpowered buildings, or Contaminate may cause inaccurate times.
  • Supply counts are checked every 10 seconds.